NCAA
SOUTH FLORIDA BULLS @ OKLAHOMA SOONERS
04/05/2023
 
TOP OF THE 1ST
South Florida Bulls batting - Pitching for Oklahoma Sooners : RHP Dennis Donovan
Pitching: RHP Dennis Donovan
Batting: LHB Bob Bush 0-0: Ball
1-0: Ball
2-0: DOUBLE (Line Drive, 7LS)
Batting: SHB Roberto Torres 0-0: Ball
1-0: Ball
2-0: Called Strike
2-1: Called Strike
2-2: Ball
3-2: Base on Balls
Batting: RHB John Little 0-0: Grounds into double play, 4-6-3 (Groundball, 4)
Bob Bush to third
Batting: SHB Tex White 0-0: Ball
1-0: Foul Ball, location: 2F
1-1: Ball
2-1: Foul Ball, location: 2F
2-2: Ball
3-2: Strikes out swinging
Top of the 1st over - 0 run(s), 1 hit(s), 0 error(s), 1 left on base; South Florida 0 - Oklahoma 0
BOTTOM OF THE 1ST
Oklahoma Sooners batting - Pitching for South Florida Bulls : RHP Howard Erickson
Pitching: RHP Howard Erickson
Batting: RHB Ralph Hayes 0-0: Ball
1-0: Ball
2-0: Ground out 1-3 (Groundball, 15)
Batting: RHB Dan Mitchell 0-0: Called Strike
0-1: Ball
1-1: Called Strike
1-2: Strikes out swinging
Batting: RHB Glenn Melican 0-0: Called Strike
0-1: Ball
1-1: Ball
2-1: Foul Ball, location: 2F
2-2: Ball
3-2: Strikes out swinging
Bottom of the 1st over - 0 run(s), 0 hit(s), 0 error(s), 0 left on base; South Florida 0 - Oklahoma 0
TOP OF THE 2ND
South Florida Bulls batting - Pitching for Oklahoma Sooners : RHP Dennis Donovan
Batting: RHB Mark Parker 0-0: Ball
1-0: SINGLE (Line Drive, 89S)
Batting: RHB Jon Krohne 0-0: Ball
1-0: Ball
2-0: Swinging Strike
2-1: Foul Ball, location: 2F
2-2: Foul Ball, location: 2F
2-2: Ball
3-2: Foul Ball, location: 2F
3-2: Fly out, F3 (Line Drive, 34)
3-2: Lined into DP, U3 (Line Drive, 34)
Batting: LHB Bob Jacobs 0-0: Called Strike
0-1: Called Strike
0-2: Ball
1-2: Fly out, F8 (Flyball, 8RD)
Top of the 2nd over - 0 run(s), 1 hit(s), 0 error(s), 0 left on base; South Florida 0 - Oklahoma 0
BOTTOM OF THE 2ND
Oklahoma Sooners batting - Pitching for South Florida Bulls : RHP Howard Erickson
Batting: RHB Cristián López 0-0: Ball
1-0: Called Strike
1-1: Ball
2-1: Ball
3-1: Base on Balls
Batting: RHB José Fuentes 0-0: Called Strike
0-1: Ball
1-1: Ball
2-1: Called Strike
2-2: Strikes out swinging
Batting: SHB Jay Oliver 0-0: Ball
1-0: Ball
2-0: Fly out, F9 (Flyball, 9S)
Batting: SHB Walt Rodgers 0-0: Called Strike
0-1: Swinging Strike
0-2: SINGLE (Flyball, 56D)
Cristián López to second
Batting: SHB Donald Reed 0-0: SINGLE (Line Drive, 89S)
Cristián López to third
Walt Rodgers to second
Runner from 3rd tries for Home, SAFE, no throw or cutoff
Batting: RHB Kurt Elkins 0-0: Foul Ball, location: 2F
0-1: Fly out, F7 (Line Drive, 7M)
Bottom of the 2nd over - 1 run(s), 2 hit(s), 0 error(s), 2 left on base; South Florida 0 - Oklahoma 1
TOP OF THE 3RD
South Florida Bulls batting - Pitching for Oklahoma Sooners : RHP Dennis Donovan
Batting: RHB Rafael Martínez 0-0: Ground out 5-3 (Groundball, 56)
Batting: RHB Doug Jones 0-0: Fly out, F8 (Flyball, 8LM)
Batting: LHB Bob Bush 0-0: Ball
1-0: Ball
2-0: Foul Ball, location: 2F
2-1: Ball
3-1: Called Strike
3-2: Foul Ball, location: 2F
3-2: Base on Balls
Batting: SHB Roberto Torres 0-0: Ball
1-0: Ball
2-0: Called Strike
2-1: Ball
3-1: Base on Balls
Bob Bush to second
Batting: RHB John Little 0-0: Called Strike
0-1: Ball
1-1: Ball
2-1: Foul Ball, location: 2F
2-2: Ball
3-2: Strikes out looking
Top of the 3rd over - 0 run(s), 0 hit(s), 0 error(s), 2 left on base; South Florida 0 - Oklahoma 1
BOTTOM OF THE 3RD
Oklahoma Sooners batting - Pitching for South Florida Bulls : RHP Dave O'Mooney
Pitching: RHP Dave O'Mooney
Batting: RHB Ralph Hayes 0-0: Foul Ball, location: 2F
0-1: Ground out 6-3 (Groundball, 6M)
Batting: RHB Dan Mitchell 0-0: DOUBLE (Groundball, 5L)
Batting: RHB Glenn Melican 0-0: Ball
1-0: Foul Ball, location: 2F
1-1: Ball
2-1: Foul Ball, location: 2F
2-2: Foul Ball, location: 2F
2-2: Reached on error, E5 (Groundball, 5)
Dan Mitchell scores
Batting: RHB Cristián López 0-0: Ball
1-0: Ball
2-0: Called Strike
2-1: Reached on Error, E9 (Flyball, 9M)
Glenn Melican to third
Batting: RHB José Fuentes 0-0: Called Strike
0-1: Ball
1-1: Fly out, F8 (Flyball, 8LXD)
Runner from 3rd tags up, SCORES, no throw
Batting: SHB Jay Oliver 0-0: Ball
1-0: Ball
2-0: Ground out 4-3 (Groundball, 4)
Bottom of the 3rd over - 2 run(s), 1 hit(s), 2 error(s), 1 left on base; South Florida 0 - Oklahoma 3
TOP OF THE 4TH
South Florida Bulls batting - Pitching for Oklahoma Sooners : RHP Dennis Donovan
Batting: SHB Tex White 0-0: Reached on Error, E9 (Flyball, 89M)
Batting: RHB Mark Parker 0-0: SINGLE (Groundball, 5L)
Tex White to second
Batting: RHB Jon Krohne 0-0: Called Strike
0-1: Swinging Strike
0-2: Ball
1-2: Foul Ball, location: 2F
1-2: Foul Ball, location: 2F
1-2: Ball
2-2: Foul Ball, location: 2F
2-2: Ball
3-2: Foul Ball, location: 2F
3-2: Strikes out looking
Batting: LHB Bob Jacobs 0-0: Foul Ball, location: 2F
0-1: Ball
1-1: Foul Ball, location: 2F
1-2: SINGLE (Flyball, 8RS)
Tex White to third
Mark Parker to second
Batting: RHB Rafael Martínez 0-0: Called Strike
0-1: Fly out, F7 (Flyball, 7LM)
Runner from 3rd tags up, SCORES, throw made
Batting: RHB Doug Jones 0-0: Fly out, F8 (Flyball, 8LM)
Top of the 4th over - 1 run(s), 2 hit(s), 1 error(s), 2 left on base; South Florida 1 - Oklahoma 3
BOTTOM OF THE 4TH
Oklahoma Sooners batting - Pitching for South Florida Bulls : RHP Dave O'Mooney
Batting: SHB Walt Rodgers 0-0: Ball
1-0: Reached on error, E6 (Groundball, 6)
Batting: SHB Donald Reed 0-0: Called Strike
0-1: Swinging Strike
0-2: Strikes out swinging
Batting: RHB Kurt Elkins 0-0: Ball
1-0: Called Strike
1-1: SINGLE (Line Drive, 34)
Walt Rodgers to third
Runner from 3rd tries for Home, SAFE, throw made home
Kurt Elkins to second
Batting: RHB Ralph Hayes 0-0: Called Strike
0-1: Called Strike
0-2: Strikes out swinging
Batting: RHB Dan Mitchell 0-0: SINGLE (Line Drive, 8LS)
Kurt Elkins to third
Runner from 3rd tries for Home, SAFE, no throw or cutoff
Pitching: RHP Cory Powell
Batting: RHB Glenn Melican 0-0: Foul Ball, location: 2F
0-1: Ground out 5-3 (Groundball, 5)
Bottom of the 4th over - 2 run(s), 2 hit(s), 1 error(s), 1 left on base; South Florida 1 - Oklahoma 5
TOP OF THE 5TH
South Florida Bulls batting - Pitching for Oklahoma Sooners : RHP Dennis Donovan
Batting: LHB Bob Bush 0-0: Swinging Strike
0-1: Swinging Strike
0-2: Strikes out swinging
Batting: SHB Roberto Torres 0-0: Ball
1-0: Ball
2-0: Called Strike
2-1: Ball
3-1: Base on Balls
Batting: RHB John Little 0-0: Fly out, F9 (Flyball, 9M)
Batting: SHB Tex White 0-0: Ground out U3 (Groundball, 3S)
Top of the 5th over - 0 run(s), 0 hit(s), 0 error(s), 1 left on base; South Florida 1 - Oklahoma 5
BOTTOM OF THE 5TH
Oklahoma Sooners batting - Pitching for South Florida Bulls : RHP Cory Powell
Batting: RHB Cristián López 0-0: Ball
1-0: Ball
2-0: Called Strike
2-1: Fly out, F3 (Popup, 3F)
Batting: RHB José Fuentes 0-0: Called Strike
0-1: Ball
1-1: Ball
2-1: Foul Ball, location: 2F
2-2: Ball
3-2: Foul Ball, location: 2F
3-2: Strikes out swinging
Batting: SHB Jay Oliver 0-0: Foul Ball, location: 2F
0-1: Foul Ball, location: 2F
0-2: Ball
1-2: Strikes out swinging
Bottom of the 5th over - 0 run(s), 0 hit(s), 0 error(s), 0 left on base; South Florida 1 - Oklahoma 5
TOP OF THE 6TH
South Florida Bulls batting - Pitching for Oklahoma Sooners : RHP Dennis Donovan
Batting: RHB Mark Parker 0-0: Ball
1-0: Foul Ball, location: 2F
1-1: Foul Ball, location: 2F
1-2: Ball
2-2: Ball
3-2: Strikes out looking
Pitching: RHP Bryan Walker
Batting: RHB Jon Krohne 0-0: Ball
1-0: Called Strike
1-1: Ball
2-1: Ball
3-1: Base on Balls
Batting: LHB Bob Jacobs 0-0: Ball
1-0: Ball
2-0: Fly out, F7 (Flyball, 7M)
Batting: RHB Rafael Martínez 0-0: Swinging Strike
0-1: Called Strike
0-2: Strikes out looking
Top of the 6th over - 0 run(s), 0 hit(s), 0 error(s), 1 left on base; South Florida 1 - Oklahoma 5
BOTTOM OF THE 6TH
Oklahoma Sooners batting - Pitching for South Florida Bulls : RHP Cory Powell
Batting: SHB Walt Rodgers 0-0: Swinging Strike
0-1: Called Strike
0-2: Ball
1-2: Fly out, F5 (Popup, 56S)
Batting: SHB Donald Reed 0-0: Ball
1-0: Ball
2-0: Ball
3-0: Base on Balls
Batting: RHB Kurt Elkins 0-0: Ball
1-0: Ball
2-0: Ball
3-0: Base on Balls
Donald Reed to second
Batting: RHB Ralph Hayes 0-0: Called Strike
Donald Reed steals 3rd base
Kurt Elkins to second
0-1: Ball
1-1: Ball
2-1: SINGLE (Line Drive, 8LS)
Donald Reed scores
Kurt Elkins to third
Runner from 3rd tries for Home, SAFE, no throw or cutoff
Batting: RHB Dan Mitchell 0-0: Ball
1-0: SINGLE (Line Drive, 7LM)
Ralph Hayes to second
Batting: RHB Glenn Melican 0-0: Ball
1-0: Called Strike
Ralph Hayes is caught stealing 3rd base
Dan Mitchell to second
1-1: Called Strike
1-2: Ball
2-2: Ball
3-2: Foul Ball, location: 2F
3-2: Fly out, F9 (Flyball, 9M)
Bottom of the 6th over - 2 run(s), 2 hit(s), 0 error(s), 1 left on base; South Florida 1 - Oklahoma 7
TOP OF THE 7TH
South Florida Bulls batting - Pitching for Oklahoma Sooners : RHP Bryan Walker
Batting: RHB Doug Jones 0-0: Called Strike
0-1: Ball
1-1: Ball
2-1: Foul Ball, location: 2F
2-2: Hit by Pitch
Batting: LHB Bob Bush Pickoff Throw to First - Error! E1
Doug Jones to second
0-0: Ball
1-0: SINGLE (Groundball, 25) (infield hit)
Doug Jones to third
Batting: SHB Roberto Torres 0-0: Called Strike
Bob Bush steals 2nd base
0-1: Ball
1-1: Foul Ball, location: 2F
1-2: Ball
2-2: Ball
3-2: Foul Ball, location: 2F
3-2: Base on Balls
Batting: RHB John Little 0-0: Foul Ball, location: 2F
0-1: Ball
1-1: Foul Ball, location: 2F
1-2: Fly out, F7 (Flyball, 78M)
Runner from 3rd tags up, SCORES, no throw
Batting: SHB Tex White 0-0: Ball
Bob Bush steals 3rd base
Roberto Torres to second
1-0: Called Strike
1-1: Swinging Strike
1-2: DOUBLE (Flyball, 7LS)
Bob Bush scores
Roberto Torres scores
Batting: RHB Mark Parker 0-0: Foul Ball, location: 2F
0-1: Ball
1-1: Fly out, F5 (Line Drive, 56)
Batting: RHB Jon Krohne 0-0: Called Strike
0-1: Foul Ball, location: 2F
0-2: Strikes out looking
Top of the 7th over - 3 run(s), 2 hit(s), 1 error(s), 1 left on base; South Florida 4 - Oklahoma 7
BOTTOM OF THE 7TH
Oklahoma Sooners batting - Pitching for South Florida Bulls : RHP Cory Powell
Pitching: LHP Gregg Funk
Batting: RHB Cristián López 0-0: Called Strike
0-1: Ball
1-1: Foul Ball, location: 2F
1-2: Ball
2-2: SINGLE (Groundball, 6D)
Batting: RHB José Fuentes 0-0: Foul Ball, location: 2F
0-1: SINGLE (Groundball, 56)
Cristián López to second
Batting: SHB Jay Oliver 0-0: Foul Ball, location: 2F
0-1: Swinging Strike
0-2: Strikes out swinging
Batting: SHB Walt Rodgers 0-0: Swinging Strike
0-1: Ball
1-1: Ball
2-1: Swinging Strike
2-2: Strikes out swinging
Batting: SHB Donald Reed 0-0: Called Strike
0-1: Fly out, F6 (Popup, 6)
Bottom of the 7th over - 0 run(s), 2 hit(s), 0 error(s), 2 left on base; South Florida 4 - Oklahoma 7
TOP OF THE 8TH
South Florida Bulls batting - Pitching for Oklahoma Sooners : RHP Bryan Walker
Pitching: RHP Gonzalo Gutiérrez
Now at 3B: Don Anthony
Batting: LHB Bob Jacobs 0-0: Ball
1-0: Ground out 4-3 (Groundball, 4M)
Batting: RHB Rafael Martínez 0-0: Called Strike
0-1: Ball
1-1: Foul Ball, location: 2F
1-2: Ball
2-2: Ball
3-2: Ground out 5-3 (Groundball, 5S)
Batting: RHB Doug Jones 0-0: Foul Ball, location: 2F
0-1: Called Strike
0-2: Ball
1-2: Fly out, F8 (Flyball, 89S)
Top of the 8th over - 0 run(s), 0 hit(s), 0 error(s), 0 left on base; South Florida 4 - Oklahoma 7
BOTTOM OF THE 8TH
Oklahoma Sooners batting - Pitching for South Florida Bulls : LHP Gregg Funk
Batting: RHB Kurt Elkins 0-0: Ball
1-0: Ball
2-0: Ball
3-0: Base on Balls
Batting: RHB Ralph Hayes 0-0: Bunt missed!
0-1: Sac Bunt - play at first, batter OUT! 5-4
Kurt Elkins to second
Batting: RHB Dan Mitchell 0-0: Called Strike
0-1: Ball
1-1: 2-RUN HOME RUN (Flyball, 7LD), Distance : 336 ft
Batting: RHB Glenn Melican 0-0: Foul Ball, location: 2F
0-1: Ball
1-1: Ground out 5-3 (Groundball, 56)
Batting: RHB Cristián López 0-0: Ball
1-0: Foul Ball, location: 2F
1-1: Ground out 4-3 (Groundball, 4)
Bottom of the 8th over - 2 run(s), 1 hit(s), 0 error(s), 0 left on base; South Florida 4 - Oklahoma 9
TOP OF THE 9TH
South Florida Bulls batting - Pitching for Oklahoma Sooners : RHP Gonzalo Gutiérrez
Batting: LHB Bob Bush 0-0: Called Strike
0-1: Foul Ball, location: 2F
0-2: Ball
1-2: Fly out, F6 (Line Drive, 6M)
Batting: SHB Roberto Torres 0-0: SINGLE (Line Drive, 7LM)
Batting: RHB John Little 0-0: SINGLE (Line Drive, 6MD)
Roberto Torres to second
Batting: SHB Tex White 0-0: Ball
1-0: Swinging Strike
1-1: Ball
2-1: Ball
3-1: Called Strike
3-2: Strikes out swinging
Batting: RHB Mark Parker 0-0: SINGLE (Line Drive, 7S)
Roberto Torres to third
John Little to second
Pitching: RHP Jesús Cantú
Batting: RHB Jon Krohne 0-0: Called Strike
0-1: Foul Ball, location: 2F
0-2: Ball
1-2: Ball
2-2: Strikes out looking
Top of the 9th over - 0 run(s), 3 hit(s), 0 error(s), 3 left on base; South Florida 4 - Oklahoma 9
This league is powered by Out of the Park Baseball, the baseball management simulation game for PC, Mac and Linux
Wednesday, December 2nd, 2015 - OOTP Baseball 16.8 Build 38